 Dungeon Crawl Stone Soup version 0.30-a0-394-g3e4acdb0ae (webtiles) character file.

Game seed: 2889334960000230979

2335 qeuew the Thaumaturge (level 9, -3/45 HPs)
             Began as a Deep Elf Conjurer on Dec 6, 2022.
             Slain by an orc warrior
             ... wielding a +0 trident
              (15 damage)
             ... on level 7 of the Dungeon.
             The game lasted 00:13:56 (8161 turns).

qeuew the Thaumaturge (Deep Elf Conjurer)           Turns: 8161, Time: 00:13:57

Health: -3/45      AC:  4    Str: 14    XL:     9   Next: 19%
Magic:  16/23      EV: 15    Int: 24    God:
Gold:   465        SH:  0    Dex: 19    Spells: 18/25 levels left

rFire   . . .      SeeInvis .    (no weapon)
rCold   . . .      Faith    .    (no shield)
rNeg    . . .      Spirit   .    a - +0 robe
rPois   .          Reflect  .    (no helmet)
rElec   .          Harm     .    (no cloak)
rCorr   .          Rampage  .    (no gloves)
Will    .....                    e - +0 pair of boots
Stlth   +++.......               (no amulet)
HPRegen 0.27/turn                f - +6 ring of dexterity
MPRegen 0.18/turn                n - +6 ring of strength

@: no status effects
A: shaggy fur 1
a: no special abilities


You were on level 7 of the Dungeon.
You visited 2 branches of the dungeon, and saw 8 of its levels.

You collected 465 gold pieces.

Inventory:

Missiles
 p - 3 throwing nets
Armour
 a - a +0 robe (worn)
 e - a +0 pair of boots (worn)
Jewellery
 f - a +6 ring of dexterity (left hand)
 n - a +6 ring of strength (right hand)
Wands
 b - a wand of acid (9) (quivered)
 m - a wand of paralysis (11)
Scrolls
 h - 5 scrolls of teleportation
 l - a scroll of magic mapping
 o - a scroll of enchant weapon
Potions
 c - a potion of invisibility
 d - 3 potions of heal wounds
 g - 3 potions of brilliance
 i - a potion of berserk rage
 j - a potion of flight
 k - 3 potions of mutation
 q - a potion of ambrosia


   Skills:
 * Level 4.9 Armour
 + Level 5.5 Dodging
 + Level 6.0 Stealth
 * Level 8.6 Spellcasting
 + Level 6.3 Conjurations
 + Level 3.2 Translocations
 + Level 3.3 Evocations


You had 18 spell levels left.
You knew the following spells:

 Your Spells              Type           Power      Damage    Failure   Level
a - Magic Dart            Conj           100%       1d8       1%          1
b - Searing Ray           Conj           80%        2d7       1%          2
c - Iskenderun's Mystic   Conj/Tloc      33%        2d8       9%          4

Your spell library contained the following spells:

 Spells                   Type           Power      Damage    Failure   Level
 Dazzling Flash           Conj/Hex       50%        N/A       4%          3
 Fulminant Prism          Conj/Hex       12%        3d9       16%         4


Dungeon Overview and Level Annotations

Branches:
Dungeon (7/15)             Temple (1/1) D:5

Altars:
Ashenzari
Dithmenos
Elyvilon
Fedhas
Gozag
Hepliaklqana
Kikubaaqudgha
Makhleb
Nemelex Xobeh
Trog
Uskayaw
Vehumet
Wu Jian
Xom
Yredelemnul
Zin
The Shining One
Lugonu

Shops:
D:1 !   D:4 ?

Annotations:
D:4 2 transporters, DrKenneth's ghost, amateur MiFi


Innate Abilities, Weirdness & Mutations

You are covered in fur. (AC +1)


Message History

Aiming: Searing Ray (safe; 1% risk of failure)
Press: ? - help, Q - select action, (/) - cycle Shift-Dir - straight line, f/p - orc priest
Aim: an orc priest, wielding a +0 mace (heavily wounded, 82% to hit)
The searing ray hits the orc priest!
You kill the orc priest!
The searing ray hits the orc wizard!
The orc wizard is heavily wounded. (Press . to maintain the ray.)
The searing ray hits something!
The searing ray misses the orc warrior.
The searing ray hits the orc wizard.
The orc wizard is almost dead.
A magic dart appears from out of thin air!
The magic dart hits you.
The searing ray hits the orc warrior.
The orc warrior is moderately wounded.
The searing ray hits the orc wizard!
You kill the orc wizard!
The searing ray hits the orc warrior.
The orc warrior is heavily wounded.
The searing ray hits something.
Reactivating autopickup.
You feel a bit more experienced.
The searing ray hits the orc!
You kill the orc!
You finish channelling your searing ray.
Aiming: Searing Ray (safe; 1% risk of failure)
Press: ? - help, Q - select action, (/) - cycle Shift-Dir - straight line, f - orc warrior
Aim: an orc warrior, wielding a +0 trident and wearing a +0 chain mail (heavily wounded, 80% to hit)
The searing ray hits the orc warrior.
The orc warrior is heavily wounded. (Press . to maintain the ray.)
The orc warrior hits you from afar with a +0 trident!
* * * LOW HITPOINT WARNING * * *
Unknown command.
Aiming: Corrosive Bolt
Press: ? - help, Q - select action, (/) - cycle Shift-Dir - straight line, f/p - orc warrior
Aim: an orc warrior, wielding a +0 trident and wearing a +0 chain mail (heavily wounded, 71% to hit)
The bolt of acid hits the orc warrior!
The orc warrior is almost dead.
The orc warrior hits you from afar with a +0 trident!
You die...

#.≈. #.# #.# #..####
#.≈ #.###.##..<#
###.##..##.<##
#...........#
#......P.......
#..##..P._..###
#..##..P....#
##..####..##..PPPP(#
...))o.@..##!........
#######...##.......##
#...#######..# #...#
#.... #..... #......
########


You could see an orc warrior.

Vanquished Creatures
  Sigmund (D:2)
  A steam dragon (D:6)
  Edmund (D:5)
  A water moccasin (D:6)
  Duvessa (D:5)
  An ice beast (D:7)
  A phantom (D:7)
  2 bullfrogs
  A scorpion (D:6)
  A necrophage (D:6)
  4 wights (D:6)
  Dowan (D:5)
  A howler monkey (D:6)
  4 jellies
  4 orc priests
  A hound (D:5)
  2 gnoll boudas
  2 iguanas (D:6)
  Ijyb (D:4)
  7 orc wizards
  11 adders
  15 gnolls
  2 shadow imps
  A white imp (D:5)
  2 ufetubi (D:5)
  3 worms
  25 orcs
  9 bats
  7 endoplasms
  A giant cockroach (D:2)
  6 goblins
  6 hobgoblins
  8 jackals
  5 kobolds
  4 quokkas
  8 ball pythons
  6 frilled lizards
  6 rats
163 creatures vanquished.

Vanquished Creatures (others)
  An orc wizard (D:5)
1 creature vanquished.

Grand Total: 164 creatures vanquished

Notes
Turn   | Place    | Note
-------+----------+-------------------------------------------
     0 | D:1      | qeuew the Deep Elf Conjurer began the quest for the Orb.
     0 | D:1      | Reached XP level 1. HP: 10/10 MP: 6/6
   221 | D:1      | Reached XP level 2. HP: 15/15 MP: 5/8
   267 | D:1      | Learned a level 2 spell: Searing Ray
   757 | D:1      | Found a faded altar of an unknown god.
   760 | D:1      | Reached skill level 1 in Armour
   760 | D:1      | Reached XP level 3. HP: 19/19 MP: 8/10
   766 | D:1      | Found Useor's Distillery.
  1163 | D:2      | Noticed Sigmund
  1171 | D:2      | Killed Sigmund
  1172 | D:2      | Reached skill level 5 in Spellcasting
  1172 | D:2      | Reached XP level 4. HP: 9/24 MP: 1/13
  1172 | D:2      | Reached XP level 5. HP: 11/28 MP: 1/14
  1287 | D:2      | Identified the +0 robe of Plog {Rampage rC+ Dex-2 Slay+2}
  2008 | D:2      | Reached skill level 5 in Conjurations
  2416 | D:2      | Gained mutation: Your spells are a little easier to cast,
                  | but a little less powerful. [potion of mutation]
  2419 | D:2      | Lost mutation: Your spells are a little easier to cast, but
                  | a little less powerful. [potion of mutation]
  2419 | D:2      | Gained mutation: You are covered in fur. (AC +1) [potion of
                  | mutation]
  2506 | D:3      | Reached XP level 6. HP: 32/32 MP: 6/16
  2971 | D:3      | Found a shadowy altar of Dithmenos.
  3236 | D:3      | Found an ornate altar of the Wu Jian Council.
  3369 | D:3      | Found a basalt altar of Yredelemnul.
  3375 | D:3      | Learned a level 4 spell: Iskenderun's Mystic Blast
  3761 | D:4      | Found a transporter.
  3771 | D:4      | Reached skill level 6 in Spellcasting
  3917 | D:4      | Found a sparkling altar of Nemelex Xobeh.
  3990 | D:4      | Found Turpho's Magic Scroll Boutique.
  4014 | D:4      | Noticed Ijyb
  4049 | D:4      | Paralysed by Ijyb for 3 turns
  4054 | D:4      | Killed Ijyb
  4176 | D:4      | Found a shimmering altar of Xom.
  4289 | D:4      | Found a bloodstained altar of Trog.
  4328 | D:4      | Found a transporter.
  4332 | D:4      | Noticed DrKenneth's ghost (amateur MiFi)
  4615 | D:5      | Entered Level 5 of the Dungeon
  4619 | D:5      | Reached XP level 7. HP: 36/36 MP: 14/18
  4755 | D:5      | Identified the +9 quarterstaff of Paper {protect, rPois}
  4756 | D:5      | Noticed Edmund
  4787 | D:5      | Killed Edmund
  4788 | D:5      | Reached skill level 1 in Evocations
  5057 | D:5      | Found a broken altar of Ashenzari.
  5151 | D:5      | Reached skill level 1 in Translocations
  5230 | D:5      | Found a staircase to the Ecumenical Temple.
  5298 | Temple   | Entered the Ecumenical Temple
  5462 | D:5      | Noticed Duvessa
  5464 | D:5      | Noticed Dowan
  5476 | D:5      | Killed Duvessa
  5483 | D:5      | Killed Dowan
  5780 | D:6      | Reached skill level 7 in Spellcasting
  5780 | D:6      | Reached XP level 8. HP: 41/41 MP: 12/20
  5869 | D:6      | Reached skill level 5 in Stealth
  6183 | D:6      | Reached skill level 5 in Dodging
  6583 | D:6      | Reached skill level 8 in Spellcasting
  6706 | D:6      | Found a burning altar of Makhleb.
  6980 | D:6      | Found a white marble altar of Elyvilon.
  6980 | D:6      | Found a glowing silver altar of Zin.
  6980 | D:6      | Found a glowing golden altar of the Shining One.
  7285 | D:7      | Reached XP level 9. HP: 21/45 MP: 7/23
  7397 | D:7      | Found an opulent altar of Gozag.
  7616 | D:7      | Found an ancient bone altar of Kikubaaqudgha.
  7949 | D:7      | Found a blossoming altar of Fedhas.
  7949 | D:7      | Found a hazy altar of Hepliaklqana.
  8007 | D:7      | Found a hide-covered altar of Uskayaw.
  8083 | D:7      | Found a radiant altar of Vehumet.
  8161 | D:7      | Slain by an orc warrior

Illustrated notes

Levels and vault maps discovered:
D:1:      dpeg_arrival_renting, layout_loops_ring, ebering_ecumenical_altar_box,
          serial_shops, shop, minmay_tetromino_l2
D:2:      layout_loops_corners, minmay_cupped, uniq_sigmund
D:3:      layout_loops_cross, nicolae_wu_jian_immortal_techniques,
          lemuel_coloured_pillars_altar, lemuel_crystal_altar
D:4:      layout_cave_pools, mainiacjoe_overflow_catwalk, marbit_many_paths,
          lemuel_tele_altar, gammafunk_ghost_stat_death, serial_shops,
          nicolae_inconvenience_store, chequers_arboretum, uniq_ijyb
D:5:      layout_loops_cross, mainiacjoe_overflow_concentric_impassable,
          minmay_temple_entry_mist, uniq_edmund, uniq_duvessa
D:6:      layout_basic, good_gods_mini_temple, nicolae_overflow_hidden_temple
D:7:      layout_basic, mainiacjoe_overflow_chevrons,
          mainiacjoe_overflow_alcove_2, mainiacjoe_overflow_divided_tiny,
          mainiacjoe_overflow_large_starburst, mainiacjoe_overflow_brackets,
          lemuel_flamethrower_2
Temple:   nicolae_temple_total_abyssal_victory

Skill      XL: |  1  2  3  4  5  6  7  8  9 |
---------------+----------------------------+-----
Armour         | 1 2 3 4 |  4.9
Dodging        | 3 4 5 |  5.5
Stealth        | 3 4 5 6 |  6.0
Spellcasting   | 5 6 7 8 |  8.6
Conjurations   | 5 6 |  6.3
Evocations     | 2 3 |  3.3
Translocations | 1 3 |  3.2

Action                   |  1- 3 |  4- 6 |  7- 9 || total
-------------------------+-------+-------+-------++-------
Melee: Unarmed           |       |       |     1 ||     1
 Cast: Magic Dart        |    55 |   171 |   209 ||   435
       Searing Ray       |     2 |     3 |    20 ||    25
Evoke: Wand              |       |       |     6 ||     6
  Use: Potion            |     3 |     6 |     3 ||    12
       Scroll            |     2 |    10 |     3 ||    15
Armor: Robe              |       |     5 |    20 ||    25
Dodge: Dodged            |     6 |    14 |    69 ||    89

Table legend: (Time is in decaauts)
 A = Elapsed time spent in this place.
 B = Non-inter-level travel time spent in this place.
 C = Inter-level travel time spent in this place.
 D = Time resting spent in this place.
 E = Time spent auto-exploring this place.
 F = Levels seen in this place.
 G = Mean time per level.
                   A        B        C        D        E       F      G
               +--------+--------+--------+--------+--------+-----+--------+
         Total |   8144 |   7876 |    268 |     34 |   6892 |   8 | 1018.0 |
       Dungeon |   8011 |   7755 |    256 |     34 |   6777 |   7 | 1144.4 |
        Temple |    133 |    122 |     11 |      0 |    115 |   1 |  133.0 |
               +--------+--------+--------+--------+--------+-----+--------+

Top non-repeatable levels by time:
     D:6: 1527 daAuts
     D:2: 1305 daAuts
     D:1: 1162 daAuts
     D:3: 1075 daAuts
     D:4: 1069 daAuts
     D:5: 966 daAuts
     D:7: 903 daAuts
  Temple: 133 daAuts
